[Event "Titled Tuesday Blitz March 21 Late 2023"]
[White "Van Foreest, Jorden"]
[Black "Rasulov, Vugar"]
[WhiteFideId "1039784"]
[BlackFideId "13402390"]
[WhiteElo "2633"]
[BlackElo "2509"]
[Result "1/2-1/2"]
[Round "04"]
[TimeControl "180+2"]
[Date "2023.03.21"]
[WhiteClock "0:00:11"]
[BlackClock "0:00:06"]

1. e4 c5 2. Nf3 Nc6 3. Bc4 e6 4. O-O d6 5. d4 cxd4 6. Nxd4 Nf6 7. Nc3 Be7 8. a4 O-O 9. Re1 a6 10. Nxc6 bxc6 11. a5 d5 12. Bd3 Rb8 13. h3 g6 14. Qf3 Bb7 15. Bf4 Rc8 16. Qe2 Ra8 17. Bd2 Re8 18. Na4 c5 19. Nb6 c4 20. Bxc4 dxc4 21. Nxa8 Qxa8 22. f3 Qc8 23. Be3 Qc7 24. Ra4 Rc8 25. Rd1 Nh5 26. b3 cxb3 27. cxb3 Rd8 28. Rxd8+ Qxd8 29. Qd2 Qxd2 30. Bxd2 Bc5+ 31. Kf1 Bc6 32. Ra1 Bb5+ 33. Ke1 e5 34. Rc1 Bd4 35. Bh6 f5 36. Rc7 fxe4 37. fxe4 Nf4 38. Kd2 Ne6 39. Re7 Nc5 40. Rg7+ Kf8 41. Rxg6+ Kf7 42. Rg4 Nxb3+ 43. Kc2 Nc5 44. Rg7+ Ke6 45. Rxh7 Nxe4 46. g4 Nf6 47. Rh8 e4 48. Rb8 Nd5 49. g5 e3 50. g6 e2 51. Bd2 Ne3+ 52. Kb3 Nc4 53. Be1 Nd6 54. h4 Bc4+ 55. Kc2 Nf5 56. h5 Ne3+ 57. Kd2 Ng2 58. Re8+ Kf5 59. Rxe2 Bxe2 60. Kxe2 Nf4+ 61. Kd2 Nxh5 62. Kd3 Bg1 63. Kc4 Ke6 64. Bc3 Nf4 65. g7 Kf7 66. Bd4 Bxd4 67. Kxd4 Kxg7 68. Kc5 Nd3+ 69. Kb6 Nb4 70. Kc5 Nc2 71. Kb6 Nb4 72. Kc5 Nd3+ 73. Kb6 Kf6 74. Kxa6 Ne5 75. Kb5 Nf7 76. Kc6 Ne5+ 77. Kb5 Nf7 78. Kc6 Ne5+ 79. Kb7 Nd3 80. Kb6 Nb4 81. Kb5 Nd5 82. Kc5 Nc7 83. Kc6 Na6 84. Kb7 Nb4 85. Kb6 Ke5 86. Kc5 Na6+ 87. Kc6 Ke6 88. Kb6 Nb4 89. Kb5 Nd5 90. a6 Nc7+ 91. Kb6 Nxa6 1/2-1/2


[Site "https://www.chess.com"]

[Event "Titled Tuesday Blitz March 21 Late 2023"]
[White "Bok, Benjamin"]
[Black "Drygalov, Andrey"]
[WhiteFideId "1017063"]
[BlackFideId "24171735"]
[WhiteElo "2658"]
[BlackElo "2471"]
[Result "1-0"]
[Round "04"]
[TimeControl "180+2"]
[Date "2023.03.21"]
[WhiteClock "0:00:05"]
[BlackClock "0:00:08"]

1. d4 Nf6 2. c4 e6 3. Nc3 Bb4 4. Qc2 d5 5. a3 Bxc3+ 6. Qxc3 O-O 7. Bg5 dxc4 8. Qxc4 b6 9. Rd1 Bb7 10. f3 Qd5 11. Qxd5 Nxd5 12. e4 h6 13. exd5 hxg5 14. dxe6 fxe6 15. Bc4 Bd5 16. Bxd5 exd5 17. Nh3 g4 18. fxg4 Nc6 19. Rc1 Rae8+ 20. Kd2 Nxd4 21. Rxc7 Nb3+ 22. Kc2 Nc5 23. Rd1 Re2+ 24. Rd2 Re5 25. Ng1 Re4 26. Nf3 Rc4+ 27. Kb1 Rxg4 28. Rxa7 Ne4 29. Rc2 Nc5 30. Ka2 d4 31. Rd2 d3 32. Ne5 Re4 33. Nd7 Re7 34. Nxf8 Rxa7 35. Ng6 Rf7 36. b4 Ne4 37. Rxd3 Rf2+ 38. Kb3 Rxg2 39. Nf4 Rxh2 40. a4 g5 41. Nd5 g4 42. Re3 Nd2+ 43. Kc3 Nf1 44. Re1 Rf2 45. Kc4 g3 46. Ne3 Nd2+ 47. Kd3 Nf3 48. Rd1 g2 49. Nxg2 Rxg2 50. Kc4 Rg5 51. Rd6 Ne5+ 52. Kd4 Nf7 53. Rxb6 Kf8 54. a5 Ke7 55. a6 Rg8 56. b5 Nd6 57. Kd5 Rg5+ 58. Kc6 Nc4 59. Rb7+ Kd8 60. Rb8+ Ke7 61. a7 Rg6+ 62. Kc5 Ne5 63. a8=Q Nd7+ 64. Kb4 Rg4+ 65. Kc3 Rg3+ 66. Kd2 Nxb8 67. Qxb8 Rg2+ 68. Ke3 Rg6 69. b6 Re6+ 70. Kf4 Kd7 71. Qc7+ Ke8 72. b7 Rf6+ 73. Kg3 1-0


[Site "https://www.chess.com"]

[Event "Titled Tuesday Blitz March 21 Late 2023"]
[White "Makarian, Rudik"]
[Black "Moussard, Jules"]
[WhiteFideId "44105681"]
[BlackFideId "642908"]
[WhiteElo "2436"]
[BlackElo "2610"]
[Result "0-1"]
[Round "04"]
[TimeControl "180+2"]
[Date "2023.03.21"]
[WhiteClock "0:00:04"]
[BlackClock "0:00:18"]

1. d4 Nf6 2. c4 e6 3. Nf3 d5 4. Nc3 Nbd7 5. g3 b6 6. cxd5 exd5 7. Bg2 Bb7 8. O-O Bd6 9. Nb5 Ne4 10. Nd2 O-O 11. Nxe4 dxe4 12. Qc2 Re8 13. Rd1 h6 14. Bf4 Bxf4 15. gxf4 Ba6 16. Nc3 f5 17. e3 Nf6 18. Rac1 Re7 19. a4 Kh8 20. Kh1 Qe8 21. Nb5 Bxb5 22. axb5 Qxb5 23. Bh3 Rd8 24. Rg1 Rd5 25. Rg6 c5 26. Rcg1 Qe8 27. dxc5 Rxc5 28. Qd2 Rd7 29. Qe2 Ng4 30. R6xg4 fxg4 31. Bxg4 Rd6 32. h3 Qd8 33. Bh5 Rd2 34. Qg4 Qf8 35. Rg2 Rc1+ 36. Kh2 Rdd1 37. Bg6 Qe7 38. Qf5 Rc5 39. Qg4 Rd2 40. h4 Rxb2 41. h5 Rd2 42. Kh3 a5 43. f5 Rd6 44. Qf4 Qe5 45. Qh4 Rd1 46. Kg4 a4 47. Qh3 Rd6 48. Kh4 Qf6+ 49. Kg4 a3 50. Kg3 a2 51. Rg1 a1=Q 52. Rxa1 Qxa1 53. Kf4 Qe5+ 54. Kg4 Rxg6+ 0-1


[Site "https://www.chess.com"]

[Event "Titled Tuesday Blitz March 21 Late 2023"]
[White "Terry, Renato"]
[Black "Plat, Vojtech"]
[WhiteFideId "3803457"]
[BlackFideId "325740"]
[WhiteElo "2579"]
[BlackElo "2542"]
[Result "0-1"]
[Round "04"]
[TimeControl "180+2"]
[Date "2023.03.21"]
[WhiteClock "0:00:02"]
[BlackClock "0:00:13"]

1. Nf3 d6 2. d4 Nf6 3. Bg5 g6 4. Nbd2 h6 5. Bh4 Bg7 6. e4 c5 7. dxc5 dxc5 8. c3 Nc6 9. Bb5 O-O 10. O-O Bg4 11. Re1 Ne5 12. Be2 Nxf3+ 13. Bxf3 Bxf3 14. Nxf3 g5 15. Bg3 Qxd1 16. Raxd1 Rfd8 17. Kf1 Kf8 18. Nd2 Ke8 19. f3 Nh5 20. a4 b6 21. Nc4 Nxg3+ 22. hxg3 Rxd1 23. Rxd1 Rd8 24. Re1 Kd7 25. Ke2 Kc6 26. Rh1 e6 27. Ne3 a6 28. Ng4 b5 29. axb5+ axb5 30. e5 Ra8 31. Kd3 Rh8 32. Rh5 c4+ 33. Ke4 Rd8 34. Ke3 Rd1 35. Nxh6 Bxh6 36. Rxh6 Rb1 37. Rh7 Rxb2 38. Rxf7 Rxg2 39. g4 Rc2 40. Kd4 Rd2+ 41. Ke4 Rd3 42. f4 gxf4 43. g5 Rxc3 44. Kxf4 Rc1 45. g6 Rg1 46. g7 b4 47. Ke4 b3 48. Kd4 b2 49. Rf1 Rxf1 50. g8=Q b1=Q 51. Qxe6+ Kb5 52. Qxc4+ Ka5 0-1


[Site "https://www.chess.com"]

[Event "Titled Tuesday Blitz March 21 Late 2023"]
[White "Hansen, Eric"]
[Black "Zakhartsov, Vladimir"]
[WhiteFideId "2606771"]
[BlackFideId "4145097"]
[WhiteElo "2569"]
[BlackElo "2521"]
[Result "0-1"]
[Round "04"]
[TimeControl "180+2"]
[Date "2023.03.21"]
[WhiteClock "0:00:02"]
[BlackClock "0:00:07"]

1. Nf3 c5 2. b3 d5 3. Bb2 Nc6 4. e3 a6 5. d4 Nf6 6. Bd3 Bg4 7. Nbd2 e6 8. h3 Bh5 9. a3 cxd4 10. exd4 Bd6 11. O-O O-O 12. Re1 Rc8 13. c4 Bb8 14. c5 Re8 15. Qc2 Bg6 16. Bxg6 hxg6 17. b4 Ne7 18. a4 Nf5 19. b5 Qc7 20. Qd3 Nh5 21. bxa6 Nf4 22. Qf1 bxa6 23. Qxa6 f6 24. Bc3 g5 25. Rab1 Qf7 26. Nf1 Qh5 27. N1h2 Nxh3+ 28. gxh3 Qxh3 29. Rxb8 Rxb8 30. Qf1 Qh5 31. Qg2 Rb3 32. Bd2 Ra3 33. a5 Kf7 34. Qg4 Qxg4+ 35. Nxg4 Rxf3 36. Be3 Ra8 37. Ra1 Rh3 38. a6 Rhh8 39. Kg2 Rhc8 40. Ra3 Rc6 41. Rb3 Rcxa6 42. Rb7+ Kg6 43. Kf3 R8a7 44. Rb8 Rc6 45. Rb4 Ra3 46. Ke2 Rc3 47. Kd2 Rc4 48. Kd3 Rxb4 0-1


[Site "https://www.chess.com"]

[Event "Titled Tuesday Blitz March 21 Late 2023"]
[White "Sjugirov, Sanan"]
[Black "Van Foreest, Lucas"]
[WhiteFideId "4189302"]
[BlackFideId "1039792"]
[WhiteElo "2569"]
[BlackElo "2519"]
[Result "1-0"]
[Round "04"]
[TimeControl "180+2"]
[Date "2023.03.21"]
[WhiteClock "0:00:04"]
[BlackClock "0:00:01"]

1. e4 b5 2. Bxb5 Bb7 3. Nc3 f5 4. d3 Nf6 5. Qe2 fxe4 6. dxe4 e6 7. Bd2 Bb4 8. Bd3 O-O 9. Nf3 Nc6 10. a3 Bc5 11. O-O-O Qe7 12. e5 Nh5 13. Bg5 Qf7 14. Be3 Nf4 15. Qd2 Be7 16. Be4 Rad8 17. g3 Ng6 18. Ng5 Qe8 19. h4 h6 20. f4 hxg5 21. hxg5 d5 22. Nxd5 Ncxe5 23. Qh2 Bxd5 24. Bxd5 Rxd5 25. Rxd5 exd5 26. fxe5 Rf5 27. e6 Bxg5 28. Bxg5 Rxg5 29. Qh7+ Kf8 30. Rf1+ Ke7 31. Qxg7+ Kd6 32. Qf6 Re5 33. e7+ Re6 34. Qd4 Qxe7 35. Kb1 Re1+ 36. Rxe1 Qxe1+ 37. Ka2 c5 38. Qf6+ Qe6 39. Qd8+ Ke5 40. Qc7+ Ke4 41. Qxc5 Ne5 42. b3 a6 43. Qb4+ d4 44. Qe1+ Kd5 45. Qh1+ Kd6 46. Qe4 Qc8 47. Qxd4+ Ke6 48. Kb2 Qc6 49. Qe3 Qd5 50. Qh6+ Kd7 51. Qxa6 Qd4+ 52. Ka2 Qc3 53. Qb5+ Ke6 54. Qe2 Kd6 55. Qd1+ Ke6 56. Qc1 Nc6 57. Qb2 Qd2 58. c3 Qe3 59. a4 Ne5 60. Qc2 Nd3 61. b4 Qe4 62. Ka3 Qc4 63. a5 Nxb4 64. Qg6+ Kd7 65. cxb4 Qc3+ 66. Ka4 Qc2+ 67. Qxc2 1-0


[Site "https://www.chess.com"]

[Event "Titled Tuesday Blitz March 21 Late 2023"]
[White "Ashraf, Artin"]
[Black "Gholami Orimi, Mahdi"]
[WhiteFideId "22514805"]
[BlackFideId "12558486"]
[WhiteElo "2188"]
[BlackElo "2363"]
[Result "1-0"]
[Round "04"]
[TimeControl "180+2"]
[Date "2023.03.21"]
[WhiteClock "0:00:18"]
[BlackClock "0:00:18"]

1. Nf3 d5 2. g3 c5 3. Bg2 Nc6 4. d4 Nf6 5. O-O e6 6. c4 dxc4 7. dxc5 Qxd1 8. Rxd1 Bxc5 9. Nbd2 c3 10. bxc3 O-O 11. Nb3 Be7 12. Bb2 Bd7 13. c4 Rfd8 14. Nfd4 Rac8 15. Nb5 Be8 16. c5 Nd5 17. Nd6 Bxd6 18. cxd6 Nb6 19. Rac1 Nb4 20. Bxb7 Rb8 21. Rc7 Nxa2 22. Ba3 Nd5 23. Bxd5 exd5 24. Na5 Rb5 25. Nb7 Rb8 26. Nc5 Nc3 27. Re1 h5 28. d7 Bxd7 29. Nxd7 Rb1 30. Rxb1 Rxb1+ 31. Kg2 Nxe2 32. Rc2 Nd4 33. Rc8+ Kh7 34. Nf8+ Kh6 35. Bc1+ g5 36. h4 f6 37. Be3 Nf5 38. hxg5+ fxg5 39. Rc6+ Kg7 40. Ne6+ Kg8 41. Bxg5 d4 42. Bf6 d3 43. Ng5 Rb8 44. Rc3 d2 45. Rd3 a5 46. Rxd2 a4 47. Rd5 Nh6 48. Ra5 Ng4 49. Bd4 Rd8 50. Rxa4 Kf8 51. Ne6+ Ke7 52. Nxd8 Kxd8 53. Ra5 Ke7 54. Rxh5 Ke6 55. Rh4 Kf5 56. Be3 Ne5 57. Rf4+ Ke6 58. g4 Ng6 59. Kg3 Nxf4 60. Kxf4 Kf7 61. Bd4 Kg6 62. g5 Kf7 63. Kf5 Kg8 64. g6 Kf8 65. Kg5 Kg8 66. f4 Kf8 67. f5 Kg8 68. Kh6 Kf8 69. Kh7 Ke7 70. g7 Kd7 71. g8=Q Kc6 72. Qe6+ Kb7 73. Qd7+ Ka8 74. Qa7# 1-0


[Site "https://www.chess.com"]

[Event "Titled Tuesday Blitz March 21 Late 2023"]
[White "Kramnik, Vladimir"]
[Black "Urazayev, Arystanbek"]
[WhiteFideId "4101588"]
[BlackFideId "13709810"]
[WhiteElo "2712"]
[BlackElo "2479"]
[Result "1-0"]
[Round "04"]
[TimeControl "180+2"]
[Date "2023.03.21"]
[WhiteClock "0:00:47"]
[BlackClock "0:00:07"]

1. d4 d5 2. Nf3 Nf6 3. e3 e6 4. Bd3 Be7 5. b3 O-O 6. Bb2 b6 7. Nbd2 Bb7 8. Qe2 Ne4 9. O-O Nd7 10. c4 Ndf6 11. Rac1 Nxd2 12. Nxd2 c5 13. dxc5 Bxc5 14. Rfd1 Qe7 15. cxd5 Nxd5 16. Ne4 Ba3 17. Rc4 Bxb2 18. Qxb2 Rfd8 19. Be2 f5 20. Ng3 Nf6 21. Rcd4 Rxd4 22. Qxd4 Bd5 23. f3 Rc8 24. Qe5 Qc5 25. h4 Nd7 26. Qf4 e5 27. Qxf5 Qxe3+ 28. Kh2 Bc6 29. Bc4+ Kh8 30. Rxd7 Qf4 31. Rf7 1-0


[Site "https://www.chess.com"]

[Event "Titled Tuesday Blitz March 21 Late 2023"]
[White "Holt, Conrad"]
[Black "Zierk, Steven"]
[WhiteFideId "2034387"]
[BlackFideId "2034255"]
[WhiteElo "2592"]
[BlackElo "2494"]
[Result "1-0"]
[Round "04"]
[TimeControl "180+2"]
[Date "2023.03.21"]
[WhiteClock "0:00:11"]
[BlackClock "0:00:10"]

1. d4 e6 2. c4 f5 3. g3 Nf6 4. Bg2 d5 5. Nh3 Bd6 6. O-O c6 7. Bf4 O-O 8. Qb3 b6 9. Nd2 Bb7 10. Ng5 Qe7 11. Bxd6 Qxd6 12. c5 Qe7 13. cxb6 axb6 14. Qxb6 Ba6 15. Qb3 Ne4 16. Ndxe4 fxe4 17. Qe3 Nd7 18. f3 h6 19. Nh3 exf3 20. Rxf3 Rxf3 21. Bxf3 e5 22. Bg4 Nf6 23. Bf5 Re8 24. dxe5 Qxe5 25. Qxe5 Rxe5 26. Bd3 Bc8 27. Nf2 c5 28. b3 Be6 29. Rc1 Nd7 30. a4 Kf8 31. Kf1 c4 32. Bc2 Ke7 33. bxc4 dxc4 34. Ne4 Ra5 35. Nc3 Nb6 36. e4 Kd6 37. Rb1 Kc5 38. Ke2 Bd7 39. Ke3 Nxa4 40. Bxa4 Bxa4 41. Ra1 Kb4 42. Kd4 Bb3 43. Nd5+ Kb5 44. Rxa5+ Kxa5 45. Kc5 Ka6 46. e5 Kb7 47. e6 Kc8 48. Kd6 c3 49. Nxc3 Kd8 50. Nd5 Ba4 51. Nc7 1-0


[Site "https://www.chess.com"]

[Event "Titled Tuesday Blitz March 21 Late 2023"]
[White "Tanenbaum, Zachary"]
[Black "Vasquez Schroeder, Rodrigo"]
[WhiteFideId "2060850"]
[BlackFideId "3400042"]
[WhiteElo "2175"]
[BlackElo "2600"]
[Result "0-1"]
[Round "04"]
[TimeControl "180+2"]
[Date "2023.03.21"]
[WhiteClock "0:00:08"]
[BlackClock "0:00:41"]

1. e4 c5 2. Nf3 d6 3. d4 cxd4 4. Nxd4 Nf6 5. Nc3 a6 6. Be3 e6 7. f3 b5 8. Qd2 Nbd7 9. g4 b4 10. Nce2 h6 11. O-O-O d5 12. exd5 Nxd5 13. Nf4 Nxe3 14. Qxe3 Qb6 15. Qd2 Bc5 16. Bc4 O-O 17. Nh5 Ne5 18. Bb3 Nxf3 19. Nf6+ gxf6 20. Qxh6 Bxd4 21. Kb1 Be3 22. Qxf6 Nd2+ 23. Ka1 Qd4 24. Qxd4 Nxb3+ 25. axb3 Bxd4 26. Rxd4 Bb7 27. Rhd1 a5 28. Kb1 Rac8 29. R1d2 Rc5 30. h4 Rfc8 31. g5 Rd5 32. Rxd5 Bxd5 33. Rd4 Rc5 34. Rf4 e5 35. Rg4 Be6 36. Rg2 Bf5 37. Rf2 Bg6 38. Kc1 e4 39. Re2 e3 40. Rxe3 Rxc2+ 41. Kd1 Rxb2 42. Re5 Rxb3 43. Rxa5 Rh3 44. Rb5 Rxh4 45. Kc1 Kg7 46. Kb2 Rf4 47. Kb3 Rf5 48. Rxb4 Rxg5 49. Ka4 Bf5 50. Ka5 Bd7+ 51. Ka6 Rd5 52. Ka7 Ra5+ 53. Kb6 Rb5+ 54. Rxb5 Bxb5 55. Kxb5 Kf6 56. Kc4 Kg5 57. Kd3 Kf4 58. Ke2 f6 59. Kf1 Kf3 60. Kg1 Ke2 61. Kg2 f5 62. Kg3 Ke3 63. Kg2 f4 64. Kg1 Ke2 0-1


[Site "https://www.chess.com"]

[Event "Titled Tuesday Blitz March 21 Late 2023"]
[White "Kozak, Adam"]
[Black "Postny, Evgeny"]
[WhiteFideId "753246"]
[BlackFideId "2804344"]
[WhiteElo "2469"]
[BlackElo "2509"]
[Result "1-0"]
[Round "04"]
[TimeControl "180+2"]
[Date "2023.03.21"]
[WhiteClock "0:00:02"]
[BlackClock "0:00:01"]

1. c4 c5 2. Nf3 Nc6 3. Nc3 g6 4. d4 cxd4 5. Nxd4 Bg7 6. Nc2 d6 7. e4 Bxc3+ 8. bxc3 Be6 9. Be2 Ne5 10. Ne3 Qa5 11. O-O Nf6 12. f4 Nc6 13. f5 gxf5 14. exf5 Bd7 15. Nd5 Nxd5 16. cxd5 Ne5 17. Be3 Rg8 18. c4 Rc8 19. Rf4 Qc3 20. Bd4 Qh3 21. Bf1 Qh6 22. Bxe5 dxe5 23. Rf2 Qe3 24. Qb3 Qc5 25. Re1 f6 26. Qxb7 Bxf5 27. Qb3 Bd7 28. Qd3 Rg6 29. Qd2 Rb8 30. Bd3 Rg4 31. Kh1 Kd8 32. Rff1 Qd4 33. Rb1 Rxb1 34. Rxb1 Ke8 35. Rd1 Ba4 36. Bc2 Qxd2 37. Bxa4+ Kd8 38. Rxd2 Rxc4 39. Bb3 Rb4 40. d6 a5 41. h3 a4 42. Bg8 h5 43. d7 a3 44. Rd3 Ra4 45. Bf7 e4 46. Rd1 h4 47. Be8 e3 48. Rb1 Ra8 49. Re1 1-0


[Site "https://www.chess.com"]

[Event "Titled Tuesday Blitz March 21 Late 2023"]
[White "Ehlvest, Jaan"]
[Black "Svane, Frederik"]
[WhiteFideId "4500016"]
[BlackFideId "12923044"]
[WhiteElo "2442"]
[BlackElo "2502"]
[Result "0-1"]
[Round "04"]
[TimeControl "180+2"]
[Date "2023.03.21"]
[WhiteClock "0:00:14"]
[BlackClock "0:00:02"]

1. e4 c5 2. Nf3 d6 3. d4 cxd4 4. Nxd4 Nf6 5. Nc3 Nc6 6. Bc4 e6 7. Be3 Bd7 8. Bb3 Na5 9. g4 h5 10. g5 Ng4 11. g6 Nxb3 12. gxf7+ Kxf7 13. axb3 Be7 14. Qf3+ Bf6 15. O-O-O Qa5 16. Kb1 Rac8 17. Bc1 b5 18. h3 Ne5 19. Qg3 b4 20. Nce2 h4 21. Qg2 Nc6 22. Rhg1 Nxd4 23. Nxd4 Qh5 24. f4 Rc7 25. Nf3 Bc6 26. Qe2 Bb5 27. Qe3 Rhc8 28. Rg2 d5 29. e5 Be7 30. Rdg1 Bf8 31. Nd4 Bd7 32. f5 Kg8 33. fxe6 Be8 34. Rg5 Qh7 35. Nf5 Rxc2 36. Nxg7 Rxc1+ 37. Ka2 Qb1# 0-1


[Site "https://www.chess.com"]

[Event "Titled Tuesday Blitz March 21 Late 2023"]
[White "Galaktionov, Artem"]
[Black "Naroditsky, Daniel"]
[WhiteFideId "24175471"]
[BlackFideId "2026961"]
[WhiteElo "2340"]
[BlackElo "2633"]
[Result "1-0"]
[Round "04"]
[TimeControl "180+2"]
[Date "2023.03.21"]
[WhiteClock "0:01:29"]
[BlackClock "0:00:48"]

1. d4 Nf6 2. Nf3 g6 3. c4 Bg7 4. Nc3 O-O 5. e3 d6 6. Be2 Nbd7 7. O-O e5 8. e4 exd4 9. Nxd4 Re8 10. f3 c6 11. Bg5 Qb6 12. Na4 Qa5 13. Bd2 Qc7 14. Bc3 a6 15. b4 b5 16. Nb2 c5 17. Nb3 cxb4 18. Bxb4 Qb6+ 19. Kh1 Nxe4 20. fxe4 Bxb2 21. Rb1 Be5 22. Qd5 Nf6 23. Qxa8 Bb7 24. c5 dxc5 25. Rxf6 Qxf6 26. Qxe8+ Kg7 27. Rf1 Qg5 28. Bxc5 Bxe4 29. Qf8# 1-0


[Site "https://www.chess.com"]

[Event "Titled Tuesday Blitz March 21 Late 2023"]
[White "Pap, Gyula"]
[Black "Andreikin, Dmitry"]
[WhiteFideId "725323"]
[BlackFideId "4158814"]
[WhiteElo "2519"]
[BlackElo "2736"]
[Result "0-1"]
[Round "04"]
[TimeControl "180+2"]
[Date "2023.03.21"]
[WhiteClock "0:00:01"]
[BlackClock "0:00:04"]

1. d4 d5 2. c4 c6 3. cxd5 cxd5 4. Nf3 Nc6 5. Nc3 Nf6 6. Bf4 Nh5 7. Bd2 Nf6 8. Bf4 Nh5 9. Bd2 g6 10. e3 Bg7 11. Qb3 Nf6 12. Bb5 O-O 13. O-O Bd7 14. Bxc6 Bxc6 15. Ne5 Qb6 16. Qxb6 axb6 17. Rfc1 Rfc8 18. a3 Ne8 19. Na2 e6 20. Nb4 Ba4 21. Rxc8 Rxc8 22. Rc1 Rxc1+ 23. Bxc1 Nd6 24. f3 f6 25. Ned3 Kf7 26. Kf2 Bb3 27. Bd2 Bc4 28. Bc3 Nb5 29. Nf4 Nxc3 30. bxc3 g5 31. Nh5 Bf8 32. g4 Bd6 33. Ng3 Kg6 34. h3 f5 35. Nf1 h5 36. Ng3 hxg4 37. hxg4 f4 38. Ne2 Kf6 39. e4 dxe4 40. fxe4 e5 41. Ng1 Be6 42. Nf3 exd4 43. cxd4 Bxb4 44. axb4 Bxg4 45. Ne5 Be6 46. Nd3 Bc4 47. Ne5 Bb3 48. Nd7+ Kg6 49. Ne5+ Kh5 50. Nd3 Bc2 51. Ke2 f3+ 52. Ke3 Bxd3 53. Kxd3 Kg4 54. d5 f2 55. Ke3 f1=Q 0-1


[Site "https://www.chess.com"]

[Event "Titled Tuesday Blitz March 21 Late 2023"]
[White "Timofeev, Artyom"]
[Black "Paravyan, David"]
[WhiteFideId "4140419"]
[BlackFideId "4194985"]
[WhiteElo "2586"]
[BlackElo "2577"]
[Result "1/2-1/2"]
[Round "04"]
[TimeControl "180+2"]
[Date "2023.03.21"]
[WhiteClock "0:00:35"]
[BlackClock "0:00:18"]

1. e4 e5 2. Nf3 Nf6 3. Nxe5 d6 4. Nd3 Nxe4 5. Qe2 Qe7 6. Nf4 Nc6 7. c3 Nf6 8. d4 g5 9. Nd3 Rg8 10. Nd2 Bf5 11. Qxe7+ Nxe7 12. Be2 O-O-O 13. Nc4 Ned5 14. Ne3 Bg6 15. g3 Re8 16. Bd2 h5 17. O-O-O Nxe3 18. Bxe3 Nd5 19. Kd2 Bh6 20. Rde1 Re7 21. Bf3 Nxe3 22. fxe3 Rge8 23. Bg2 c6 24. Rhf1 Kc7 25. h3 f5 26. h4 f4 27. exf4 Rxe1 28. Nxe1 gxh4 29. gxh4 Bf5 30. Nd3 Rf8 31. Ke3 Re8+ 32. Kd2 Rg8 33. Bf3 Rg3 34. Ke3 Rh3 35. Rh1 Rxh1 36. Bxh1 Bxd3 37. Kxd3 Bxf4 38. Bf3 Bg3 39. Bxh5 Bxh4 40. Bf3 d5 41. c4 dxc4+ 1/2-1/2


[Site "https://www.chess.com"]

[Event "Titled Tuesday Blitz March 21 Late 2023"]
[White "Bartel, Mateusz"]
[Black "Svane, Rasmus"]
[WhiteFideId "1112635"]
[BlackFideId "4657101"]
[WhiteElo "2521"]
[BlackElo "2597"]
[Result "0-1"]
[Round "04"]
[TimeControl "180+2"]
[Date "2023.03.21"]
[WhiteClock "0:00:01"]
[BlackClock "0:00:06"]

1. e4 c6 2. Nf3 d5 3. d3 dxe4 4. dxe4 Qxd1+ 5. Kxd1 Nf6 6. Nbd2 g6 7. Bc4 Bh6 8. Ne5 O-O 9. f3 Nbd7 10. Nd3 Rd8 11. a4 Nf8 12. Ke2 Be6 13. Bxe6 Nxe6 14. Nb3 Bxc1 15. Rhxc1 Ne8 16. Ke3 Nd6 17. c4 f6 18. Nbc5 Nxc5 19. Nxc5 Kf7 20. a5 b6 21. Nd3 Nb7 22. b4 c5 23. a6 Nd6 24. b5 Rd7 25. Nf4 g5 26. Ne2 Rad8 27. Ra3 e6 28. Rcc3 Ke7 29. Nc1 h5 30. Rc2 Nf7 31. Rd3 Ne5 32. Rxd7+ Rxd7 33. Ne2 h4 34. Rc3 Rd1 35. h3 Rb1 36. f4 gxf4+ 37. Nxf4 Rb4 38. Nd3 Nxc4+ 39. Kf3 Ra4 40. Nf2 Nd6 41. Kg4 Nxe4 42. Nxe4 Rxe4+ 43. Kh5 f5 44. g3 hxg3 45. Rxg3 f4 46. Rg7+ Kf6 47. Rxa7 f3 48. Ra8 Ke5 49. Rf8 Re3 50. a7 Ra3 51. a8=Q Rxa8 52. Rxa8 Kf4 53. Rf8+ Kg3 54. h4 e5 55. Rg8+ Kf4 56. Rf8+ Kg3 57. Rg8+ Kh3 58. Rf8 e4 59. Rf4 Kg3 60. Rxe4 f2 61. Re3+ Kg2 62. Re2 c4 63. Kg4 Kg1 0-1


[Site "https://www.chess.com"]

[Event "Titled Tuesday Blitz March 21 Late 2023"]
[White "Sanal, Vahap"]
[Black "Bluebaum, Matthias"]
[WhiteFideId "6300545"]
[BlackFideId "24651516"]
[WhiteElo "2606"]
[BlackElo "2638"]
[Result "1-0"]
[Round "04"]
[TimeControl "180+2"]
[Date "2023.03.21"]
[WhiteClock "0:01:30"]
[BlackClock "0:00:17"]

1. e4 e6 2. d4 d5 3. Nd2 c5 4. exd5 Qxd5 5. Ngf3 cxd4 6. Bc4 Qd6 7. Qe2 Nf6 8. O-O Nc6 9. Nb3 Be7 10. Rd1 e5 11. c3 Bg4 12. h3 Bh5 13. g4 Bg6 14. cxd4 e4 15. Ne5 O-O 16. Bf4 Qd8 17. Nxg6 hxg6 18. d5 Na5 19. d6 Nxc4 20. Qxc4 Re8 21. dxe7 Qxe7 22. Rac1 Nh7 23. Qc7 Qh4 24. Kg2 Nf8 25. Bg3 Qf6 26. Qc3 Qa6 27. a3 b6 28. Qc4 Qb7 29. Qc6 Qa6 30. Nc5 Qe2 31. Nb7 Rac8 32. Qd5 Rxc1 33. Rxc1 Ne6 34. Nd6 Nf4+ 35. Bxf4 Qf3+ 36. Kg1 Qxf4 37. Rc4 Rd8 38. Rxe4 Qc1+ 39. Kg2 Qc7 40. Re8+ Rxe8 41. Nxe8 Qc2 42. Nd6 Qxb2 43. Qa8+ Kh7 44. Nxf7 g5 45. Nxg5+ Kg6 46. Nf3 Qxa3 47. Qe4+ Kf7 48. g5 g6 49. Ne5+ Ke6 50. Nc4+ Kd7 51. Nxa3 Kd6 52. Qxg6+ Kc5 53. h4 Kb4 54. h5 Kb3 55. h6 b5 56. h7 b4 57. h8=Q Kxa3 58. Qd3+ b3 59. Qhc3 Ka2 60. Qxb3+ Ka1 61. g6 a5 62. g7 a4 63. Qbc2 a3 64. g8=B a2 65. Qd4# 1-0


[Site "https://www.chess.com"]

[Event "Titled Tuesday Blitz March 21 Late 2023"]
[White "Albornoz Cabrera, Carlos Daniel"]
[Black "Maghsoodloo, Parham"]
[WhiteFideId "3518736"]
[BlackFideId "12539929"]
[WhiteElo "2501"]
[BlackElo "2647"]
[Result "0-1"]
[Round "04"]
[TimeControl "180+2"]
[Date "2023.03.21"]
[WhiteClock "0:00:01"]
[BlackClock "0:00:11"]

1. Nf3 d5 2. d4 c6 3. c4 Nf6 4. Nc3 e6 5. Bg5 h6 6. Bh4 Nbd7 7. e3 Be7 8. Bd3 O-O 9. O-O a5 10. Rc1 dxc4 11. Bxc4 b5 12. Bd3 Bb7 13. Bxf6 Nxf6 14. Ne4 Nd7 15. Nc5 Nxc5 16. dxc5 Bf6 17. Nd4 b4 18. Be4 Qc7 19. Qf3 Bxd4 20. exd4 Rfd8 21. Rcd1 Rac8 22. h4 Ba6 23. Rfe1 Bc4 24. Bb1 Bd5 25. Qd3 f5 26. Re5 Rf8 27. Qe3 Rf6 28. b3 Qf7 29. Qe2 Rg6 30. g3 Qf6 31. Kf1 Rf8 32. Bd3 Rg4 33. Bc4 Re4 34. Rxe4 fxe4 35. Qe3 Qf3 36. Qxf3 Rxf3 37. Ke2 Rc3 38. Ba6 a4 39. bxa4 Ra3 40. Rd2 Rxa4 41. Bc8 Rxa2 42. Rxa2 Bxa2 43. Kd2 Bd5 44. Ba6 Kf7 45. Be2 e5 46. dxe5 Ke6 47. Ke3 Kxe5 48. Bd1 g5 49. hxg5 hxg5 0-1


[Site "https://www.chess.com"]

[Event "Titled Tuesday Blitz March 21 Late 2023"]
[White "Grigoriants, Sergey"]
[Black "Pakleza, Zbigniew"]
[WhiteFideId "4130804"]
[BlackFideId "1119290"]
[WhiteElo "2502"]
[BlackElo "2410"]
[Result "0-1"]
[Round "04"]
[TimeControl "180+2"]
[Date "2023.03.21"]
[WhiteClock "0:00:03"]
[BlackClock "0:00:05"]

1. d4 d6 2. e4 Nf6 3. Nc3 c6 4. h3 b5 5. Bd3 e5 6. Nf3 Nbd7 7. O-O Be7 8. a4 b4 9. Ne2 O-O 10. Ng3 Re8 11. c3 bxc3 12. bxc3 Bf8 13. Re1 Qc7 14. Rb1 c5 15. dxe5 dxe5 16. Qe2 Rb8 17. Bg5 h6 18. Bxf6 Nxf6 19. Bc4 Bd7 20. Qa2 Bc6 21. Nd2 g6 22. Ndf1 Rxb1 23. Qxb1 Bxa4 24. Ne3 Bc6 25. f3 h5 26. Qa2 Bh6 27. Ngf1 Kg7 28. Ra1 Ra8 29. Qa6 Qb6 30. Qa2 Qc7 31. Qa6 h4 32. Bb5 Bxb5 33. Qxf6+ Kxf6 34. Nd5+ Kg7 35. Nxc7 Rb8 36. Rb1 a6 37. Nxa6 Ra8 38. Nc7 Bd3 39. Rd1 Bc2 40. Nxa8 Bxd1 41. Nb6 Bc1 42. Kf2 Bb3 43. Ne3 Bb2 44. Ned5 f5 0-1


[Site "https://www.chess.com"]

[Event "Titled Tuesday Blitz March 21 Late 2023"]
[White "Ibarra Jerez, Jose Carlos"]
[Black "Wagner, Dennis"]
[WhiteFideId "2226332"]
[BlackFideId "24650684"]
[WhiteElo "2638"]
[BlackElo "2470"]
[Result "0-1"]
[Round "04"]
[TimeControl "180+2"]
[Date "2023.03.21"]
[WhiteClock "0:00:01"]
[BlackClock "0:00:07"]

1. Nf3 d5 2. b3 Bf5 3. Bb2 h6 4. e3 e6 5. d3 Nf6 6. Nbd2 Be7 7. g3 O-O 8. Bg2 a5 9. a4 c6 10. O-O Na6 11. Nd4 Bh7 12. f4 Bd6 13. N2f3 Nd7 14. Qe2 Qe7 15. Nh4 Nb4 16. Rae1 Nc5 17. Rd1 Rfe8 18. Qg4 Qf8 19. Ndf3 Nxc2 20. Bc1 Nxb3 21. Kf2 Nxc1 22. Rxc1 Bf5 23. Qh5 g6 24. Nxf5 gxh5 25. Nxd6 Nxe3 26. Nxe8 Nxf1 27. Nf6+ Kg7 28. Nxh5+ Kg6 29. Ne5+ Kh7 30. Nf6+ Kh8 31. Kxf1 Qg7 32. Nh5 Qh7 33. Rb1 f5 34. Nf6 Qc7 35. Nfd7 Re8 36. Nc5 b5 37. axb5 cxb5 38. Rxb5 a4 39. Ned7 a3 40. Rb7 Qxb7 41. Nxb7 a2 42. Kf2 a1=Q 43. Nbc5 Qd4+ 44. Kf1 Ra8 45. Bf3 Ra1+ 46. Kg2 Ra2+ 47. Kh3 Qg1 48. Bg2 Qxg2+ 0-1


[Site "https://www.chess.com"]